 Dungeon Crawl Stone Soup version 0.30.1-11-g7821555f0a (webtiles) character file.

Game seed: 10394304118226780916

2764 Peloso the Carver (level 9, -3/79 HPs)
             Began as a Minotaur Fighter on Dec 5, 2023.
             Was a Believer of Okawaru.
             Succumbed to a killer bee's poison
             ... on level 8 of the Dungeon.
             The game lasted 00:08:55 (6551 turns).

Peloso the Carver (Minotaur Fighter)                Turns: 6551, Time: 00:08:56

Health: -3/79      AC: 11    Str: 22    XL:     9   Next: 42%
Magic:  7/8        EV:  9    Int:  5    God:    Okawaru [**....]
Gold:   473        SH:  5    Dex: 13    Spells: 8/8 levels left

rFire   . . .        a - +0 long sword
rCold   . . .        d - +0 buckler
rNeg    . . .        c - +0 chain mail
rPois   .            (helmet restricted)
rElec   .            (no cloak)
rCorr   .            (no gloves)
SInv    .            (no boots)
Will    .....        (no amulet) Stlth
                     (no ring)
HPRegen 0.33/turn    (no ring)
MPRegen 0.11/turn

%: no passive effects
@: lethally poisoned (-3 -> -25)
A: horns 2, retaliatory headbutt
a: Renounce Religion, Heroism


You were on level 8 of the Dungeon.
You worshipped Okawaru.
Okawaru was pleased with you.
You visited 2 branches of the dungeon, and saw 9 of its levels.

You collected 473 gold pieces.

Inventory:

Hand Weapons
 a - a +0 long sword (weapon)
Armour
 b - a +0 scale mail
 c - a +0 chain mail (worn)
 d - a +0 buckler (worn)
Wands
 m - a wand of mindburst (14)
 u - a wand of roots (5)
 x - a wand of flame (16)
 y - a wand of digging (2)
 A - a wand of polymorph (13)
Scrolls
 f - a scroll of magic mapping {unknown}
 h - 3 scrolls of fog {unknown}
 i - 3 scrolls of teleportation {unknown}
 j - a scroll of noise {unknown}
 k - a scroll of vulnerability {unknown}
 r - a scroll of silence {unknown}
 s - a scroll of poison {unknown}
 t - 2 scrolls of amnesia {unknown}
 v - a scroll of blinking {unknown}
 w - 3 scrolls of identify
Potions
 e - a potion of resistance
 g - 3 potions of might
 l - 3 potions of lignification
 n - 2 potions of cancellation {unknown}
 o - 2 potions of curing
 p - 2 potions of flight
 q - a potion of brilliance {unknown}
 z - a potion of attraction {unknown}


   Skills:
 + Level 7.3 Fighting
 + Level 10.1 Long Blades
 + Level 8.2 Armour
 + Level 3.8 Dodging
 + Level 0.6 Stealth
 + Level 6.3 Shields
 + Level 0.2 Invocations


You had 8 spell levels left.
You didn't know any spells.
Your spell library contained the following spells:

 Spells                   Type           Power      Damage    Failure   Level
 Sandblast                Erth           0%         2d4       97%         1
 Lesser Beckoning         Tloc           0%         N/A       99%         2
 Passwall                 Tmut/Erth      0%         N/A       99%         2
 Gell's Gravitas          Tloc           0%         N/A       100%        3
 Portal Projectile        Hex/Tloc       0%         N/A       100%        3
 Stone Arrow              Conj/Erth      0%         3d7       100%        3
 Teleport Other           Tloc           0%         N/A       100%        3
 Blade Hands              Tmut           0%         N/A       100%        5
 Orb of Destruction       Conj           0%         9d5       100%        7
 Summon Small Mammal      Summ           Unusable   N/A       N/A         1
 Call Canine Familiar     Summ           Unusable   N/A       N/A         3
 Summon Guardian Golem    Hex/Summ       Unusable   N/A       N/A         3
 Tukima's Dance           Hex            Unusable   N/A       N/A         3
 Spellforged Servitor     Conj/Summ      Unusable   N/A       N/A         7

Dungeon Overview and Level Annotations

Branches:
Dungeon (8/15)             Temple (1/1) D:5
   Lair: D:8-11

Altars:
Cheibriados
Dithmenos
Elyvilon
Fedhas
Gozag
Hepliaklqana
Nemelex Xobeh
Okawaru
Qazlal
Ru
Trog
Uskayaw
Xom
Yredelemnul
The Shining One

Annotations:
D:3 Dig


Innate Abilities, Weirdness & Mutations

You have a pair of horns on your head.
You reflexively headbutt those who attack you in melee.


Message History

Unknown command.
You hit the killer bee.
The killer bee is almost dead.
You feel sick. The killer bee stings you.
* * * LOW HITPOINT WARNING * * *
You block the killer bee's attack.
Unknown command.
You barely miss the killer bee.
The killer bee is almost dead.
You feel sick. The killer bee barely misses you.
It was a potion of curing.
You feel better. The killer bee completely misses you.
The killer bee barely misses you. You furiously retaliate!
You headbutt the killer bee!
You kill the killer bee!
Okawaru accepts your kill.
Unknown command.
The killer bee stings you but does no damage.
The killer bee closely misses you.
You see here a killer bee corpse.
Unknown command.
You hit the killer bee but do no damage.
The killer bee stings you.
* * * LOW HITPOINT WARNING * * *
You are poisoned.
The killer bee poisons you! The killer bee stings you.
* * * LOW HITPOINT WARNING * * *
You are lethally poisoned!
The killer bee poisons you!
You hit the killer bee.
The killer bee is lightly wounded.
You feel like a meek peon again.
* * * LOW HITPOINT WARNING * * *
You feel very sick. The killer bee stings you.
* * * LOW HITPOINT WARNING * * *
You are more poisoned.
The killer bee poisons you!
You barely miss the killer bee.
The killer bee is lightly wounded.
You die...

### #.. #.# #.#
####.#
#....##########.#
#.###..<†.))...<#
#.#
#.#########...
#@# #.# #y# #.#
#y# #.# #y# #.#
... #.# ... ...
... ....#


You could see 3 killer bees.

Vanquished Creatures
  Maggie (D:6)
  A steam dragon (D:7)
  A water moccasin (D:7)
  2 ice beasts
  4 centaurs
  3 black bears
  An ogre (D:5)
  A phantom (D:6)
  A scorpion (D:6)
  A bullfrog (D:8)
  8 killer bees (D:8)
  2 howler monkeys (D:8)
  6 hounds
  3 jellies (D:5)
  2 orc priests
  8 iguanas
  4 orc wizards
  Robin (D:2)
  5 adders
  2 ufetubi
  A worm (D:3)
  2 dart slugs
  10 orcs
  5 endoplasms
  4 giant cockroaches
  17 goblins
  5 hobgoblins
  A jackal (D:5)
  4 quokkas
  7 ball pythons
  14 bats
  3 frilled lizards
  9 kobolds
  6 rats
145 creatures vanquished.

Vanquished Creatures (others)
  A goblin (D:2)
1 creature vanquished.

Grand Total: 146 creatures vanquished

Notes
Turn   | Place    | Note
-------+----------+-------------------------------------------
     0 | D:1      | Peloso the Minotaur Fighter began the quest for the Orb.
     0 | D:1      | Reached XP level 1. HP: 19/19 MP: 0/0
   144 | D:1      | Reached XP level 2. HP: 27/27 MP: 1/1
   568 | D:1      | Found a faded altar of an unknown god.
   672 | D:1      | Reached XP level 3. HP: 33/33 MP: 2/2
  1060 | D:2      | Identified the +0 helmet of Winter {Harm rC+++ Int-2
                  | Stlth+}
  1060 | D:2      | Noticed Robin
  1081 | D:2      | Reached skill level 3 in Long Blades
  1303 | D:2      | Killed Robin
  1353 | D:2      | Reached XP level 4. HP: 40/40 MP: 3/3
  1991 | D:3      | Reached skill level 4 in Long Blades
  2031 | D:3      | Found a snail-covered altar of Cheibriados.
  2777 | D:4      | Reached XP level 5. HP: 47/47 MP: 4/4
  3288 | D:5      | Entered Level 5 of the Dungeon
  3318 | D:5      | Reached skill level 5 in Fighting
  3393 | D:5      | Reached skill level 5 in Long Blades
  3444 | D:5      | Reached skill level 1 in Dodging
  3444 | D:5      | Reached XP level 6. HP: 53/56 MP: 5/5
  3630 | D:5      | Noticed an ice beast
  3636 | D:5      | Killed an ice beast
  3637 | D:5      | Reached skill level 5 in Armour
  3812 | D:5      | Reached XP level 7. HP: 49/62 MP: 6/6
  3890 | D:5      | Reached skill level 5 in Shields
  4033 | D:5      | Found a staircase to the Ecumenical Temple.
  4065 | Temple   | Entered the Ecumenical Temple
  4082 | Temple   | Became a worshipper of Warmaster Okawaru
  4118 | D:5      | Reached skill level 6 in Long Blades
  4346 | D:5      | Reached * piety under Okawaru
  4347 | D:5      | Reached XP level 8. HP: 68/70 MP: 7/7
  4360 | D:5      | Reached skill level 7 in Long Blades
  4970 | D:6      | Noticed Maggie
  4995 | D:6      | Killed Maggie
  4996 | D:6      | Reached skill level 8 in Long Blades
  5617 | D:7      | Reached skill level 9 in Long Blades
  5944 | D:7      | Reached ** piety under Okawaru
  5945 | D:7      | Reached XP level 9. HP: 72/79 MP: 8/8
  6509 | D:8      | Reached skill level 10 in Long Blades
  6550 | D:8      | HP: 2/79 [killer bee (5)]
  6551 | D:8      | Succumbed to a killer bee's poison

Illustrated notes

Levels and vault maps discovered:
D:1:      psy_arrival_radial02, layout_basic, nicolae_ecumenical_snake_handling,
          solitary_fountain, serial_bayou_lake_a
D:2:      layout_basic, uniq_robin
D:3:      layout_loops_cross, nicolae_overflow_crystal_walls, serial_forest,
          infiniplex_forest_clump_large, infiniplex_forest_straight_1,
          infiniplex_forest_straight_4, infiniplex_forest_zigzag_1,
          infiniplex_forest_clump_double, infiniplex_forest_straight_5,
          grunt_decor_junction, due_unseen_surprise
D:4:      layout_basic, reono_crystal_passage, kennysheep_generic_room_7
D:5:      minmay_evil_eye, layout_loops_corners,
          minmay_temple_entry_glassed_door, grunt_ministairs_3,
          kennysheep_generic_room_13
D:6:      layout_basic, uniq_maggie
D:7:      layout_gridville, st_stairs_6
D:8:      layout_loops_ring, enter_ossuary_1
Temple:   nicolae_temple_bog_church

Skill      XL: |  1  2  3  4  5  6  7  8  9 |
---------------+----------------------------+-----
Armour         | 4 5 6 7 8 |  8.2
Fighting       | 4 5 6 7 |  7.3
Shields        | 4 5 6 |  6.3
Long Blades    | 3 4 5 6 9 10 | 10.1
Dodging        | 1 3 |  3.8
Stealth        | |  0.6
Invocations    | |  0.2

Action                     |  1- 3 |  4- 6 |  7- 9 || total
---------------------------+-------+-------+-------++-------
  Melee: Long sword        |    91 |   125 |   243 ||   459
         Headbutt          |    12 |    29 |    51 ||    92
 Invoke: Heroism           |       |       |     4 ||     4
    Use: Potion            |     3 |       |     1 ||     4
         Scroll            |       |     4 |       ||     4
 Armour: Scale mail        |    11 |       |       ||    11
         Chain mail        |    49 |    58 |   129 ||   236
  Dodge: Dodged            |    26 |    52 |   107 ||   185
  Block: Buckler           |    23 |    34 |    62 ||   119
